AoeStats
← с упругой

Nomad

509127956Analyzed
4v4 RM · 7d ago on Sep 25, 2026· 46m 41s· 8 players
Game mode
Random Map
Map size
231×231
Population
200
Speed
Normal
Resources
Standard
Victory
Conquest
Starting age
Dark Age
Ending age
Imperial Age
RankedLock teamsTeams togetherTeam positionsShared explorationLock speedFull tech treeHidden civsTurbo modeCheats
Victory
Defeat
🇨🇳 Wei · China
1559
+18
🇫🇷 Varangians · France
1554
+18
🇨🇳 Mongols · China
1510
+20
🇷🇺 Berbers · Russia
1495
+20
🇮🇳 Varangians · India
1649
-21
🇺🇸 Dravidians · United States
1631
-20
🇮🇪 Danes · Ireland
1596
-19
🇹🇷 Varangians · Türkiye
1517
-16
奥尔良鸡翅
13:09 Feudal Age
12:33 Loom
16:50 Castle Age
15:01 Fletching
15:11 Double-Bit Axe
16:04 Gold Mining
16:37 Stone Mining
17:58 Bow Saw
17:39 Fishing Lines
18:14 Bodkin Arrow
23:07 Padded Archer Armor
23:46 Horse Collar
28:44 Leather Archer Armor
28:56 Ballistics
28:59 Bloodlines
30:28 Wheelbarrow
35:17 Imperial Age
33:25 Gold Shaft Mining
33:26 Stone Shaft Mining
34:32 Hand Cart
34:44 Thumb Ring
35:40 Elite Mangudai
36:44 Conscription
38:32 Capped Ram
39:57 Bracer
42:36 Chemistry
41:04 Siege Ram
44:19 Parthian Tactics
45:22 Husbandry
ElRudyGrando
4:49 Loom
13:14 Feudal Age
14:11 Fishing Lines
15:01 Double-Bit Axe
18:47 Castle Age
17:10 Fletching
17:14 Gold Mining
18:02 Stone Mining
20:30 Gillnets
23:49 Bow Saw
26:51 Scale Barding Armor
27:25 Town Watch
27:52 Horse Collar
30:00 Scale Barding Armor
31:19 Forging
36:25 Imperial Age
35:31 Wheelbarrow
35:45 Chain Barding Armor
36:40 Heavy Plow
38:39 Plate Barding Armor
38:26 Husbandry
38:36 Bloodlines
39:56 Hand Cart
40:28 Conscription
41:11 Iron Casting
42:54 Blast Furnace
43:00 Elite Jarl
44:54 Bodkin Arrow
46:57 Stone Shaft Mining
46:54 Ballistics
47:34 Chemistry
46:15 Treadmill Crane
46:46 Masonry
46:32 Capped Ram
46:39 Vendel Legacy
香辣鸡翅
4:30 Loom
12:49 Feudal Age
16:51 Castle Age
16:20 Double-Bit Axe
17:37 Fletching
18:32 Bodkin Arrow
18:24 Fishing Lines
31:30 Gold Mining
35:10 Padded Archer Armor
35:21 Bloodlines
36:47 Bow Saw
38:09 Ballistics
42:18 Scale Barding Armor
42:24 Forging
45:04 Wheelbarrow
44:30 Stone Mining
с упругой
5:25 Loom
13:12 Feudal Age
19:19 Castle Age
17:29 Scale Barding Armor
19:17 Wheelbarrow
19:03 Horse Collar
19:36 Double-Bit Axe
23:10 Husbandry
23:20 Bloodlines
23:49 Forging
24:29 Bow Saw
28:03 Chain Barding Armor
28:29 Light Cavalry
29:07 Gold Mining
35:29 Stone Mining
39:01 Imperial Age
36:55 Town Watch
38:33 Iron Casting
38:14 Hand Cart
39:46 Gold Shaft Mining
40:19 Plate Barding Armor
39:21 Heavy Camel Rider
39:25 Cavalier
40:42 Heavy Plow
44:22 Blast Furnace
45:26 Conscription
45:10 Kasbah
47:00 Stone Shaft Mining
anshumessi420
5:00 Loom
13:18 Feudal Age
16:56 Castle Age
14:49 Double-Bit Axe
15:54 Fletching
16:42 Gold Mining
17:34 Bodkin Arrow
17:50 Bow Saw
20:31 Wheelbarrow
23:58 Medium Warships
24:29 Horse Collar
29:32 Heavy Plow
30:33 Stone Mining
31:53 Scale Barding Armor
34:48 Imperial Age
32:45 Hand Cart
33:26 Stone Shaft Mining
34:17 Chain Barding Armor
34:27 Bloodlines
34:18 Husbandry
34:30 Forging
36:14 Plate Barding Armor
35:05 Cavalier
46:03 Town Watch
45:58 Light Cavalry
Madbun
5:55 Loom
15:16 Feudal Age
16:26 Double-Bit Axe
18:19 Forging
22:25 Castle Age
23:18 Bow Saw
23:49 Fletching
25:33 Bodkin Arrow
31:20 Ballistics
45:42 Scale Mail Armor
LonzoWall
4:33 Loom
12:38 Feudal Age
12:41 Man-at-Arms
20:55 Castle Age
25:02 Town Watch
34:44 Horse Collar
35:58 Double-Bit Axe
Chris
4:58 Loom
13:30 Feudal Age
14:11 Town Watch
17:36 Castle Age
16:07 Fletching
17:42 Crossbowman
18:24 Bodkin Arrow
24:31 Padded Archer Armor
37:01 Double-Bit Axe
37:54 Wheelbarrow
38:35 Thumb Ring
41:19 Fishing Lines
42:28 Leather Archer Armor
42:58 Pikeman
43:39 Squires
43:30 Man-at-Arms
Connection lost

Rejoining the realm…

Still unreachable

The connection could not be restored.

Session expired

The server has moved on; the page needs a fresh start.